 Dungeon Crawl Stone Soup version 0.29.1-1-gd02db6906a (webtiles) character file.

Game seed: 7309690002709143292

386772 gelatine the Slayer (level 22, 0/297 HPs)
             Began as a Minotaur Fighter on Sept 19, 2022.
             Was the Champion of Okawaru.
             Drowned by a quicksilver ooze (3 damage)
             ... created by the Royal Jelly
             ... on level 5 of the Pits of Slime on Sept 21, 2022.
             The game lasted 03:41:14 (41931 turns).

gelatine the Slayer (Minotaur Fighter)             Turns: 41931, Time: 03:41:14

Health: 0/297      AC: 15    Str: 39    XL:     22   Next: 1%
Magic:  26/38      EV: 17    Int:  8    God:    Okawaru [******]
Gold:   1794       SH: 33    Dex: 17    Spells: 23/31 levels left

rFire   x . .      SeeInvis .   F - +9 broad axe (flame)
rCold   + . .      Faith    .   w - +5 tower shield
rNeg    . . .      Spirit   .   V - +5 plate armour of Okawaru's Anger {Drain Will++ Regen+ Dex+4}
rPois   +          Reflect  +   (helmet unavailable)
rElec   +          Harm     .   f - +2 cloak of Bad Feelings {rPois Str+3 Slay-2 Stlth+}
rCorr   +          Rampage  .   S - +3 pair of gauntlets of War {Slay+5}
Will    ++++.      Rage     3%  W - +2 pair of boots {Stlth+}
Stlth   ..........              E - amulet of reflection
HPRegen 1.39/turn               Q - ring of Beac {Ice rElec Will+ Str+2 Stlth+}
MPRegen 0.26/turn               X - ring of Benevolence {rCorr MP+9 Int+4 Dex+2}

@: berserking (expiring), engulfed (cannot breathe), corroded, studying 3
skills, very quick
A: horns 3, retaliatory headbutt, beak, berserk 1, frail 1, strong 1
}: 2/15 runes: decaying, serpentine
a: Renounce Religion, Heroism, Finesse, Duel


You were on level 5 of the Pits of Slime.
You worshipped Okawaru.
Okawaru was exalted by your worship.
You visited 9 branches of the dungeon, and saw 40 of its levels.
You visited the Abyss 1 time.
You also visited: Sewer, Gauntlet and Ice Cave.

You collected 4171 gold pieces.
You spent 2377 gold pieces at shops.

Inventory:

Hand Weapons
 F - a +9 broad axe of flaming (weapon)
 N - the +14 obsidian axe {vorpal, Mesm Drain Fly SInv}
   (Okawaru gifted it to you on level 4 of the Snake Pit)

   It inflicts extra damage upon your enemies.
   It occasionally summons demons to assist the wielder when it strikes in
   combat.
   Its wielder is mesmerised by any visible foes.
   It cannot be unequipped while any foes are visible.
   SInv:      It lets you see invisible.
   Fly:       It grants you flight.
   Drain:     It drains your maximum health when unequipped.
Missiles
 e - 2 curare-tipped darts
 z - 12 javelins
 C - 9 atropa-tipped darts
 D - 3 silver javelins
 M - 20 boomerangs (quivered)
Armour
 a - a +1 tower shield of cold resistance
 f - the +2 cloak of Bad Feelings (worn) {rPois Str+3 Slay-2 Stlth+}
   (You found it in a Gauntlet)

   Str:       It affects your strength (+3).
   Slay:      It affects your accuracy & damage with ranged weapons and melee
   (-2).
   rPois:     It protects you from poison.
   Stlth:     It makes you more stealthy.
 p - the +2 buckler of Mezcal {rElec Str+3 Int-3}
   (Okawaru gifted it to you on level 11 of the Dungeon)

   Str:       It affects your strength (+3).
   Int:       It affects your intelligence (-3).
   rElec:     It insulates you from electricity.
 w - a +5 tower shield (worn)
 B - the +2 ratskin cloak {*Rats rPois rN+ Str-1 Int-1 Dex+1}
   (You found it on level 12 of the Dungeon)

   When the wearer is hurt, rats may emerge from it to assist them.
   Str:       It affects your strength (-1).
   Int:       It affects your intelligence (-1).
   Dex:       It affects your dexterity (+1).
   rPois:     It protects you from poison.
   rN:        It protects you from negative energy.
 O - the +1 cloak of Starlight {*Dazzle EV+4 Stlth--}
   (You found it on level 3 of the Lair of Beasts)

   It may blind those who miss an attack against the wearer in melee combat.
   EV:        It affects your evasion (+4).
   Stlth:     It makes you much less stealthy.
 P - a scarf of invisibility
 S - the +3 pair of gauntlets of War (worn) {Slay+5}
   (You found it on level 9 of the Dungeon)

   Slay:      It affects your accuracy & damage with ranged weapons and melee
   (+5).
 V - the +5 plate armour of Okawaru's Anger (worn) {Drain Will++ Regen+ Dex+4}
   (Okawaru gifted it to you on level 1 of the Lair of Beasts)

   Dex:       It affects your dexterity (+4).
   Regen:     It increases your rate of health regeneration.
   Drain:     It drains your maximum health when unequipped.
   Will:      It greatly increases your willpower.
 W - a +2 pair of boots of stealth (worn)
Jewellery
 k - the amulet "Mirr" {Spirit +Blink rC+}
   (You found it in an ice cave)

   [amulet of guardian spirit]

   It causes incoming damage to be divided between your reserves of health and
   magic.
   rC:        It protects you from cold.
   +Blink:    It lets you blink.
 o - a +4 ring of evasion
 x - a ring of flight
 E - an amulet of reflection (around neck)
 G - a ring of see invisible
 L - the ring of Boafrergh {Fire rN+ Will++ Int+4 Dex-2}
   (You found it on level 14 of the Dungeon)

   [ring of fire]

   It enhances your fire magic.
   Int:       It affects your intelligence (+4).
   Dex:       It affects your dexterity (-2).
   rF:        It protects you from fire.
   rC:        It makes you vulnerable to cold.
   rN:        It protects you from negative energy.
   Will:      It greatly increases your willpower.
 Q - the ring of Beac (left hand) {Ice rElec Will+ Str+2 Stlth+}
   (You took it off a spriggan on level 1 of the Swamp)

   [ring of ice]

   It enhances your ice magic.
   Str:       It affects your strength (+2).
   rF:        It makes you vulnerable to fire.
   rC:        It protects you from cold.
   rElec:     It insulates you from electricity.
   Will:      It increases your willpower.
   Stlth:     It makes you more stealthy.
 T - a +6 ring of strength
 X - the ring of Benevolence (right hand) {rCorr MP+9 Int+4 Dex+2}
   (You found it in a Gauntlet)

   [ring of resist corrosion]

   Int:       It affects your intelligence (+4).
   Dex:       It affects your dexterity (+2).
   MP:        It affects your magic capacity (+9).
   rCorr:     It protects you from acid and corrosion.
Wands
 H - a wand of digging (25)
 J - a wand of iceblast (27)
 K - a wand of mindburst (17)
 Y - a wand of paralysis (21)
 Z - a wand of quicksilver (25)
Scrolls
 b - 5 scrolls of magic mapping
 g - 25 scrolls of teleportation
 m - 6 scrolls of fog
 n - 4 scrolls of fear
 s - 6 scrolls of poison
 y - 3 scrolls of silence
 A - 2 scrolls of blinking
Potions
 c - 2 potions of resistance
 d - 5 potions of might
 h - 7 potions of haste
 i - 13 potions of curing
 j - 15 potions of ambrosia
 l - 7 potions of cancellation
 r - 5 potions of heal wounds
 v - 6 potions of flight
 I - 5 potions of invisibility
Miscellaneous
 q - a condenser vane (inert)
 t - a piece from Xom's chessboard (15/15)
 u - a tin of tremorstones (2/2)
 R - a phial of floods
 U - a lightning rod (4/4)


   Skills:
 * Level 23.2 Fighting
 + Level 18.5 Axes
 * Level 14.9 Throwing
 * Level 17.1 Armour
 * Level 16.2 Dodging
 + Level 6.7 Stealth
 * Level 21.6 Shields
 + Level 5.2 Spellcasting
 * Level 3.8 Translocations
 * Level 2.2 Transmutations
 * Level 1.8 Fire Magic
 * Level 2.0 Poison Magic
 * Level 11.2 Invocations
 * Level 9.0 Evocations


You had 23 spell levels left.
You knew the following spells:

 Your Spells              Type           Power      Damage    Failure   Level
a - Apportation           Tloc           16%        N/A       32%         1
b - Olgreb's Toxic Radia  Pois           5%         N/A       100%        4
c - Ignite Poison         Fire/Tmut/Pois 5%         N/A       90%         3

Your spell library contained the following spells:

 Spells                   Type           Power      Damage    Failure   Level
 Blink                    Tloc           16%        N/A       43%         2
 Sting                    Tmut/Pois      20%        1d4       54%         1
 Foxfire                  Conj/Fire      12%        2x1d4     73%         1
 Passwall                 Tmut/Erth      2%         N/A       83%         2
 Necrotise                Necr           8%         1d4       85%         1
 Sandblast                Erth           4%         2d4       85%         1
 Slow                     Hex            8%         N/A       85%         1
 Poisonous Vapours        Pois/Air       6%         N/A       85%         2
 Spider Form              Tmut/Pois      5%         N/A       89%         3
 Ensorcelled Hibernation  Hex/Ice        6%         N/A       94%         2
 Static Discharge         Conj/Air       2%         3-4/arc   94%         2
 Conjure Flame            Conj/Fire      3%         6-21      97%         3
 Inner Flame              Hex/Fire       3%         N/A       97%         3
 Mephitic Cloud           Conj/Pois/Air  3%         N/A       98%         3
 Confusing Touch          Hex            2%         N/A       99%         3
 Dazzling Flash           Conj/Hex       4%         N/A       99%         3
 Stone Arrow              Conj/Erth      4%         3d7       99%         3
 Vampiric Draining        Necr           2%         2d6       99%         3
 Airstrike                Air            1%         2d(1-17)  100%        4
 Anguish                  Hex/Necr       1%         N/A       100%        4
 Cause Fear               Hex            1%         N/A       100%        4
 Dispel Undead            Necr           2%         3d7       100%        4
 Flame Wave               Conj/Fire      3%         2d5       100%        4
 Fulminant Prism          Conj/Hex       1%         3d6       100%        4
 Iskenderun's Mystic Bla  Conj/Tloc      5%         2d3       100%        4
 Sticky Flame             Conj/Fire      3%         2d3       100%        4
 Agony                    Necr           2%         N/A       100%        5
 Blade Hands              Tmut           2%         N/A       100%        5
 Borgnjor's Vile Clutch   Necr/Erth      1%         N/A       100%        5
 Fireball                 Conj/Fire      1%         3d3       100%        5
 Freezing Cloud           Conj/Ice/Air   1%         6-21      100%        5
 Irradiate                Conj/Tmut      1%         3d12      100%        5
 Iskenderun's Battlesphe  Conj           2%         2d6       100%        5
 Lee's Rapid Deconstruct  Erth           1%         3d5*      100%        5
 Lightning Bolt           Conj/Air       1%         1d12      100%        5
 Manifold Assault         Tloc           8%         N/A       100%        5
 Metabolic Englaciation   Hex/Ice        1%         N/A       100%        5
 Silence                  Hex/Air        1%         N/A       100%        5
 Yara's Violent Unravell  Hex/Tmut       1%         3d3       100%        5
 Conjure Ball Lightning   Conj/Air       1%         3x3d6     100%        6
 Iron Shot                Conj/Erth      1%         9d1       100%        6
 Starburst                Conj/Fire      1%         6d3       100%        6
 Dragon Form              Tmut           2%         N/A       100%        7
 Orb of Destruction       Conj           1%         9d5       100%        7
 Storm Form               Tmut/Air       1%         N/A       100%        7
 Discord                  Hex            1%         N/A       100%        8
 Ignition                 Fire           2%         3d3       100%        8
 Lehudib's Crystal Spear  Conj/Erth      1%         10d2      100%        8
 Summon Small Mammal      Summ           Unusable   N/A       N/A         1
 Animate Dead             Necr           Unusable   N/A       N/A         4
 Summon Lightning Spire   Summ/Air       Unusable   N/A       N/A         4
 Death Channel            Necr           Unusable   N/A       N/A         6
 Spellforged Servitor     Conj/Summ      Unusable   N/A       N/A         7

Dungeon Overview and Level Annotations

Branches:
Dungeon (15/15)            Temple (1/1) D:7            Lair (5/5) D:11
  Swamp (4/4) Lair:2        Snake (4/4) Lair:3        Slime (5/5) Lair:4
    Orc (2/2) D:11            Elf (3/3) Orc:2        Vaults (1/5) D:14
 Depths (0/4) D:15          Sewer (visited)           IceCv (visited)
Gauntlet (visited)

Altars:
Ashenzari
Cheibriados
Dithmenos
Elyvilon
Fedhas
Gozag
Hepliaklqana
Kikubaaqudgha
Makhleb
Nemelex Xobeh
Okawaru
Qazlal
Ru
Sif Muna
Trog
Uskayaw
Vehumet
Wu Jian
Xom
Yredelemnul
Zin
The Shining One
Jiyva

Shops:
Orc:2 :*([   Elf:1 :=?*   Snake:1 [*![   Snake:2 (!

Portals:
Trove: Elf:3 (give +3 shadow dragon scales)

Annotations:
Elf:2 3 runed translucent doors, Dataggej's ghost, adept MiBe; Fuonemn's ghost, veteran DDBe; Hulashix's ghost, journeyman MiBe; Vatovie's ghost, journeyman MiBe; Xihoome's ghost, veteran MiGl


Innate Abilities, Weirdness & Mutations

You have a pair of large horns on your head.
You reflexively headbutt those who attack you in melee.
You have a beak for a mouth.
You sometimes lose your temper in combat.
You are frail. (-10% HP)
Your muscles are strong. (Str +4, Int/Dex -1)


Message History

That felt strangely unrewarding.
You hit the quicksilver ooze. You burn the quicksilver ooze.
You slash the azure jelly! You burn the azure jelly. You slash the azure jelly!
You burn the azure jelly!
You kill the azure jelly!
That felt strangely unrewarding.
You slash the quicksilver ooze! You burn the quicksilver ooze.
You hit the rockslime. You chop the acid blob into pieces!!!
You burn the acid blob.
You kill the acid blob!
Okawaru accepts your kill. Okawaru grants you throwing weapons!
Something appears at your feet!
* * * LOW HITPOINT WARNING * * *
Your lungs strain for air!
You block the quicksilver ooze's attack.
The quicksilver ooze barely misses you.
The rockslime is engulfed in acidic fog.
You block the quicksilver ooze's attack.
The quicksilver ooze hits you!
* * * LOW HITPOINT WARNING * * *
You feel your power leaking away.
The rockslime is engulfed in acidic fog. x2
The azure jelly hits you but does no damage.
The azure jelly hits you.
* * * LOW HITPOINT WARNING * * *
The azure jelly freezes you! You resist.
* * * LOW HITPOINT WARNING * * *
You block the azure jelly's attack. The azure jelly hits you.
* * * LOW HITPOINT WARNING * * *
Your Poison Magic skill increases to level 2!
You miss the quicksilver ooze. You headbutt the quicksilver ooze.
You kill the quicksilver ooze!
That felt strangely unrewarding.
You slice the rockslime!!
You kill the rockslime!
That felt strangely unrewarding.
You hit the rockslime but do no damage.
You hit the quicksilver ooze but do no damage.
You slash the rockslime! You slash the azure jelly! You burn the azure jelly.
You hit the rockslime but do no damage. You slice the acid blob!!
You burn the acid blob!
Your hands burn!
* * * LOW HITPOINT WARNING * * *
You die...

....................#
.................#
..................#
..................#
.................##
..§○§§☼§§§......##
..§§§☼§J§§....#.#
..§§§§°JJ§...####
..§§§J§@JJ....#
...§§JJJJ....##
.....§☼J......#
............###
.........#.##
..........##
.........# .........#


You could see 2 acid blobs, 3 azure jellies, 4 rockslimes and 2 quicksilver
oozes.

Vanquished Creatures
  the Royal Jelly (Slime:5)
  Mara (Snake:3)
  Saint Roka (Orc:2)
  Vashnia (Snake:4)
  Nikola (Swamp:1)
  An Ice Fiend (IceCv)
  Mlioglotl (Swamp:2)
  2 tentacled monstrosities (Swamp:4)
  The ghost of Gygal Fez the Peltast, an adept MiFi of Okawaru (Snake:3)
  3 deep elf blademasters
  A deep elf master archer (Elf:3)
  12 acid blobs
  A tentacled starspawn (Abyss:1)
  Gastronok (Lair:1)
  Donald (Vaults:1)
  4 thorn hunters
  7 azure jellies
  A storm dragon (D:14)
  12 rockslimes
  6 nagarajas
  4 fenstrider witches (Swamp:4)
  6 deep elf sorcerers
  4 vault wardens (Vaults:1)
  4 orc warlords
  A ghoul (Swamp:4)
  Aizul (Snake:4)
  4 deep elf elementalists (Elf:3)
  4 ironbound preservers (Vaults:1)
  3 very ugly things (D:15)
  6 quicksilver oozes
  2 ironbound thunderhulks (Vaults:1)
  7 deep elf annihilators (Elf:3)
  The ghost of dornbeast the Martial Artist, a journeyman DsBe of Trog (Swamp:1)
  2 eleionomae (Swamp:4)
  4 dire elephants (Vaults:1)
  7 deep elf demonologists
  3 bunyips
  A minotaur (Gauntlet)
  6 deep elf death magi (Elf:3)
  A blizzard demon (Swamp:4)
  Josephine (Lair:3)
  A green death (Swamp:4)
  A fire dragon (D:14)
  The ghost of croobank the Spry, a journeyman FeSu of Gozag (Elf:1)
  3 shambling mangroves
  9 great orbs of eyes
  The ghost of RogueRain17 the Severer, a journeyman DsGl of Makhleb (Lair:5)
  3 deep elf high priests (Elf:3)
  6 salamander tyrants
  2 rakshasas (D:15)
  13 hydras
  6 boulder beetles
  2 caustic shrike simulacra (IceCv)
  A spriggan skeleton (Abyss:1)
  6 vault guards
  An ogre mage (Swamp:4)
  7 centaur warriors
  2 ghost crabs
  3 two-headed ogres
  The ghost of Fractals the Fighter, a novice HOBe of Trog (D:9)
  A spriggan air mage (Swamp:4)
  2 catoblepae
  A merfolk avatar (Lair:5)
  3 ironbound frosthearts (Vaults:1)
  An anaconda (shapeshifter) (Elf:3)
  15 anacondas
  31 dancing weapons
  19 naga warriors
  12 alligators
  A spriggan berserker (Swamp:1)
  13 shock serpents
  3 death yaks (Lair:4)
  A thrashing horror (Gauntlet)
  Nergalle (Lair:3)
  10 naga sharpshooters
  3 orc high priests (Orc:2)
  27 deep elf knights
  2 soul eaters (Swamp:4)
  Amaemon (Lair:3)
  3 goliath frogs
  8 salamander mystics
  5 skeletal warriors
  14 sea snakes
  5 ironbound convokers (Vaults:1)
  9 spriggan druids
  An obsidian statue (IceCv)
  Pikel (D:4)
  A phantasmal warrior (D:14)
  18 deep elf archers
  6 deep trolls (Vaults:1)
  10 spriggan simulacra (IceCv)
  5 bog bodies
  10 naga ritualists
  A harpy (D:14)
  5 large abominations (D:11)
  6 wizards
  9 lindwurms
  A glowing orange brain (D:15)
  A necromancer (Gauntlet)
  13 orc knights
  39 deep elf zephyrmancers
  30 deep elf pyromancers
  6 orc sorcerers
  7 manticores
  20 ugly things
  A will-o-the-wisp (Swamp:3)
  2 shining eyes
  The ghost of jimonade the Skirmisher, a novice FoHu of Hepliaklqana (D:5)
  A moth of wrath (Swamp:1)
  15 mana vipers
  7 cyclopes
  22 salamanders
  Maurice (D:9)
  18 elephants
  10 naga magi
  12 cane toads
  Joseph (Lair:1)
  56 black mambas
  8 guardian serpents
  4 orange demons
  2 eyes of devastation
  3 torpor snails
  Maggie (Lair:2)
  2 gargoyles
  8 yaktaurs
  2 unseen horrors
  A yaktaur (shapeshifter) (D:14)
  6 freezing wraiths
  An efreet (D:9)
  5 rime drakes
  15 komodo dragons
  4 hellwings (Swamp:4)
  A tengu conjurer (D:9)
  8 ice devils (IceCv)
  A queen bee (Lair:2)
  A golden dragon simulacrum (IceCv)
  A queen bee (shapeshifter) (D:15)
  A bloated husk (Swamp:2)
  7 trolls
  2 polar bears
  19 hornets
  7 tyrant leeches
  3 meliai (D:15)
  16 blink frogs
  A wind drake (Lair:5)
  106 slime creatures
  11 small abominations
  11 dream sheep
  2 snapping turtles (Lair:5)
  4 shadows (Gauntlet)
  5 wraiths
  A dire elephant simulacrum (IceCv)
  3 water elementals
  21 spriggans
  3 fire elementals
  57 yaks
  3 air elementals
  9 humans (D:14)
  A steam dragon (Lair:5)
  5 basilisks
  Grum (Lair:1)
  5 wyverns
  A basilisk (shapeshifter) (Elf:3)
  A wyvern (shapeshifter) (D:15)
  7 golden eyes
  A redback (D:14)
  2 chaos spawn (Swamp:4)
  11 vampire mosquitoes
  2 neqoxecs (Swamp:4)
  6 minotaur simulacra (IceCv)
  9 wargs
  49 nagas
  18 swamp worms
  3 harpy simulacra (IceCv)
  Duvessa (D:7)
  An acid dragon (D:13)
  18 water moccasins
  A swamp drake (Swamp:3)
  An ice beast (D:7)
  3 black bears
  8 ogres
  41 orc warriors
  A sky beast (D:8)
  An alligator simulacrum (IceCv)
  8 centaurs
  A boggart (Lair:5)
  30 wolves
  4 kobold brigands (Sewer)
  3 phantoms
  Blork the orc (D:6)
  6 bullfrogs
  7 deep troll simulacra (IceCv)
  7 earth elementals
  11 scorpions
  16 wights
  Dowan (D:7)
  30 killer bees
  A lindwurm simulacrum (IceCv)
  13 electric eels
  15 howler monkeys
  6 jellies
  A lava snake (Lair:5)
  5 hounds
  A gnoll bouda (D:10)
  18 orc priests
  14 orc wizards
  2 iguanas (D:4)
  3 gnolls (D:10)
  7 adders
  3 river rats (Sewer)
  2 shadow imps
  2 white imps
  2 ufetubi
  A worm (Sewer)
  4 dart slugs
  67 orcs
  7 ball pythons
  9 bats
  7 endoplasms
  6 giant cockroaches
  7 hobgoblins
  7 jackals
  13 quokkas
  3 frilled lizards
  5 goblins
  9 kobolds
  8 rats
  14 briar patches
  A plant (Snake:4)
  A starspawn tentacle (Abyss:1)
1681 creatures vanquished.

Vanquished Creatures (others)
  A dancing weapon (Elf:2)
  A spriggan druid (Swamp:3)
  A swamp dragon (Swamp:2)
  A mana viper (Snake:4)
  A cyclops (D:9)
  3 bloated husks
  A human (D:14)
  A yak (D:9)
  A chaos spawn (Swamp:4)
  A swamp worm (Swamp:3)
  A briar patch (Lair:3)
  14 demonic plants (Gauntlet)
  8 foxfires (Swamp:3)
  31 fungi
  157 plants
  6 starspawn tentacles (Abyss:1)
  6 toadstools (Lair:1)
235 creatures vanquished.

Grand Total: 1916 creatures vanquished

Notes
Turn   | Place    | Note
-------+----------+-------------------------------------------
     0 | D:1      | gelatine the Minotaur Fighter began the quest for the Orb.
     0 | D:1      | Reached XP level 1. HP: 19/19 MP: 0/0
   277 | D:1      | Reached XP level 2. HP: 27/27 MP: 1/1
   547 | D:1      | Reached skill level 4 in Fighting
   583 | D:1      | You fall into a shaft and drop 1 floor!
   586 | D:2      | Found a faded altar of an unknown god.
   755 | D:1      | Reached XP level 3. HP: 33/33 MP: 2/2
  1586 | D:2      | Found the +1 Delatra's gloves {ID++}
  1802 | D:3      | Reached XP level 4. HP: 40/40 MP: 3/3
  1815 | D:3      | Found a shadowy altar of Dithmenos.
  2595 | D:4      | Found a glowing drain.
  2617 | Sewer    | Entered a sewer
  2626 | Sewer    | Reached XP level 5. HP: 40/46 MP: 4/4
  2734 | Sewer    | Reached skill level 5 in Axes
  2734 | Sewer    | Reached skill level 1 in Dodging
  2819 | Sewer    | Reached XP level 6. HP: 40/53 MP: 5/5
  3005 | Sewer    | Reached skill level 5 in Armour
  3207 | D:4      | Noticed Pikel
  3217 | D:4      | Gained mutation: You are frail. (-10% HP) [potion of
                  | mutation]
  3217 | D:4      | Gained mutation: Armour fits poorly on your strangely
                  | shaped body. [potion of mutation]
  3217 | D:4      | Gained mutation: Your flesh is heat resistant. (rF+)
                  | [potion of mutation]
  3224 | D:4      | Killed Pikel
  3225 | D:4      | Reached skill level 5 in Fighting
  3225 | D:4      | Reached XP level 7. HP: 25/55 MP: 6/6
  3231 | D:4      | Reached XP level 8. HP: 25/63 MP: 7/7
  3462 | D:4      | Reached skill level 6 in Fighting
  3737 | D:5      | Entered Level 5 of the Dungeon
  3848 | D:5      | Noticed a troll
  3852 | D:5      | Noticed a two-headed ogre
  3856 | D:5      | HP: 3/63 [troll (8)]
  3866 | D:5      | Killed a two-headed ogre
  3867 | D:5      | Reached skill level 7 in Fighting
  3867 | D:5      | Reached skill level 5 in Shields
  3881 | D:5      | Killed a troll
  3882 | D:5      | Reached XP level 9. HP: 19/72 MP: 8/8
  4260 | D:5      | Reached skill level 5 in Dodging
  4407 | D:5      | Lost mutation: Armour fits poorly on your strangely shaped
                  | body. [potion of mutation]
  4407 | D:5      | Lost mutation: Your flesh is heat resistant. (rF+) [potion
                  | of mutation]
  4407 | D:5      | Lost mutation: You are frail. (-10% HP) [potion of
                  | mutation]
  4407 | D:5      | Gained mutation: You have hidden genetic potential. [potion
                  | of mutation]
  4407 | D:5      | Gained mutation: Your muscles are strong. (Str +4, Int/Dex
                  | -1) [potion of mutation]
  4580 | D:5      | Found a runed translucent door.
  4583 | D:5      | Noticed jimonade's ghost (novice FoHu)
  4625 | D:5      | Reached skill level 8 in Fighting
  5097 | D:5      | Killed jimonade's ghost
  5098 | D:5      | Reached skill level 10 in Axes
  5571 | D:6      | Reached XP level 10. HP: 87/90 MP: 9/9
  5602 | D:6      | Noticed Blork the orc
  5610 | D:6      | Killed Blork the orc
  5970 | D:7      | Reached skill level 1 in Throwing
  5976 | D:7      | Gained mutation: You have a pair of large horns on your
                  | head. [hidden potential]
  6118 | D:7      | Noticed Dowan
  6125 | D:7      | Killed Dowan
  6126 | D:7      | Noticed Duvessa
  6145 | D:7      | Killed Duvessa
  6146 | D:7      | Reached skill level 9 in Fighting
  6412 | D:7      | Found a staircase to the Ecumenical Temple.
  6418 | Temple   | Entered the Ecumenical Temple
  6460 | Temple   | Became a worshipper of Warmaster Okawaru
  6767 | D:8      | Reached * piety under Okawaru
  6849 | D:8      | Found a radiant altar of Vehumet.
  6850 | D:8      | Found a stormy altar of Qazlal.
  7098 | Abyss:1  | Cast into level 1 of the Abyss (orc warrior)
  7099 | Abyss:1  | Found a corrupted altar of Lugonu.
  7121 | Abyss:1  | Noticed a tentacled starspawn
  7156 | Abyss:1  | Killed a tentacled starspawn
  7157 | Abyss:1  | Reached skill level 1 in Stealth
  7157 | Abyss:1  | Reached skill level 1 in Invocations
  7157 | Abyss:1  | Reached skill level 1 in Evocations
  7184 | Abyss:1  | Reached ** piety under Okawaru
  7185 | Abyss:1  | Reached XP level 11. HP: 18/97 MP: 11/11
  7185 | Abyss:1  | HP: 4/97 [spriggan defender skeleton (15)]
  7192 | Abyss:1  | Gained mutation: You have a beak for a mouth. [hidden
                  | potential]
  7192 | Abyss:1  | Lost mutation: You have hidden genetic potential. [hidden
                  | potential expressed]
  7284 | D:8      | Escaped the Abyss
  7952 | D:9      | Noticed Fractals's ghost (novice HOBe)
  7953 | D:9      | Noticed a boulder beetle
  7958 | D:9      | Found a transporter.
  7965 | D:9      | Noticed a white ugly thing
  7998 | D:9      | Found a transporter.
  8215 | D:9      | Noticed a catoblepas
  8242 | D:9      | Killed a catoblepas
  8243 | D:9      | Reached skill level 10 in Fighting
  8512 | D:9      | Noticed a centaur warrior
  8517 | D:9      | Killed a centaur warrior
  8517 | D:9      | Reached *** piety under Okawaru
  8520 | D:9      | Noticed a four-headed hydra
  8528 | D:9      | Found the +3 pair of gauntlets of War {Slay+5}
  8538 | D:9      | Killed a two-headed hydra
  8701 | D:9      | Noticed a boulder beetle
  8715 | D:9      | Killed a boulder beetle
  8772 | D:9      | Noticed a skeletal warrior
  8776 | D:9      | Killed a skeletal warrior
  8776 | D:9      | Reached **** piety under Okawaru
  8819 | D:9      | Noticed a boulder beetle
  8828 | D:9      | Killed a boulder beetle
  8831 | D:9      | Noticed a centaur warrior
  8835 | D:9      | Killed a centaur warrior
  9288 | D:10     | Entered Level 10 of the Dungeon
  9310 | D:10     | Noticed Maurice
  9317 | D:10     | Paralysed by Maurice for 5 turns
  9322 | D:10     | HP: 4/101 [troll (5)]
  9340 | D:10     | Paralysed by something for 2 turns
  9351 | D:9      | Killed Maurice
  9853 | D:10     | Reached ***** piety under Okawaru
  9857 | D:10     | Reached XP level 12. HP: 108/108 MP: 13/13
 10570 | D:11     | Found a gate leading to a gauntlet.
 10575 | Gauntlet | Entered a Gauntlet
 10575 | Gauntlet | Found a transporter.
 10589 | Gauntlet | Found a transporter.
 10605 | Gauntlet | Noticed a catoblepas
 10614 | Gauntlet | Found a transporter.
 10651 | Gauntlet | Found a transporter.
 10651 | Gauntlet | Found a transporter.
 10674 | Gauntlet | Found a transporter.
 10676 | Gauntlet | Noticed a reaper
 10679 | Gauntlet | Found a transporter.
 10694 | Gauntlet | Found a transporter.
 10713 | Gauntlet | Found a transporter.
 10725 | Gauntlet | Found a transporter.
 10725 | Gauntlet | Noticed a great orb of eyes
 10737 | Gauntlet | Found a transporter.
 10749 | Gauntlet | Found a transporter.
 10750 | Gauntlet | Noticed a great orb of eyes
 10761 | Gauntlet | Found a transporter.
 10778 | Gauntlet | Found a transporter.
 10796 | Gauntlet | Found a transporter.
 10901 | Gauntlet | Found a transporter.
 10921 | Gauntlet | Found a transporter.
 11245 | Gauntlet | Received a gift from Okawaru
 11246 | Gauntlet | Reached skill level 11 in Fighting
 11257 | Gauntlet | Found a transporter.
 11394 | Gauntlet | Reached skill level 10 in Armour
 11409 | Gauntlet | Identified the ring of Benevolence {rCorr MP+9 Int+4 Dex+2}
 11498 | Gauntlet | Noticed a minotaur
 11508 | Gauntlet | Killed a minotaur
 11520 | Gauntlet | Identified the +2 cloak of Bad Feelings {rPois Str+3 Slay-2
                  | Stlth+}
 11865 | D:11     | Identified the +2 buckler of Mezcal {rElec Str+3 Int-3}
                  | (Okawaru gifted it to you on level 11 of the Dungeon)
 11865 | D:11     | Received a gift from Okawaru
 11949 | D:11     | Found a staircase to the Lair.
 12542 | D:11     | Reached skill level 12 in Fighting
 12860 | D:11     | Got the Compilation of Ashen Intoxication
 13010 | D:11     | Noticed a boulder beetle
 13024 | D:11     | Killed a boulder beetle
 13025 | D:11     | Reached XP level 13. HP: 119/119 MP: 15/15
 13139 | D:11     | Found a staircase to the Orcish Mines.
 13232 | D:12     | Reached skill level 5 in Invocations
 13236 | D:12     | Reached skill level 5 in Stealth
 13422 | D:12     | Found the +2 ratskin cloak {*Rats rPois rN+ Str-1 Int-1
                  | Dex+1}
 13711 | Lair:1   | Entered Level 1 of the Lair of Beasts
 13714 | Lair:1   | Noticed Joseph
 13722 | Lair:1   | Killed Joseph
 13777 | Lair:1   | Reached skill level 13 in Fighting
 13950 | Lair:1   | Identified the +5 plate armour of Okawaru's Anger {Drain
                  | Will++ Regen+ Dex+4} (Okawaru gifted it to you on level 1
                  | of the Lair of Beasts)
 13950 | Lair:1   | Received a gift from Okawaru
 13950 | Lair:1   | Reached ****** piety under Okawaru
 14010 | Lair:1   | Noticed Gastronok
 14022 | Lair:1   | Killed Gastronok
 14141 | Lair:1   | Noticed Grum
 14151 | Lair:1   | Reached skill level 10 in Dodging
 14155 | Lair:1   | Killed Grum
 14428 | Lair:1   | Reached skill level 10 in Shields
 14464 | Lair:1   | Found a runed translucent door.
 14776 | Lair:2   | Reached skill level 14 in Fighting
 14901 | Lair:2   | Found a staircase to the Swamp.
 15164 | Lair:2   | Found an ornate altar of the Wu Jian Council.
 15169 | Lair:2   | Noticed Maggie
 15175 | Lair:2   | Killed Maggie
 15176 | Lair:2   | Reached skill level 15 in Axes
 15472 | Lair:2   | Received a gift from Okawaru
 15716 | Lair:3   | Reached XP level 14. HP: 133/133 MP: 17/17
 15721 | Lair:3   | Identified the +11 quarterstaff of Defenestration {freeze,
                  | Will+}
 15771 | Lair:3   | Received a gift from Okawaru
 15806 | Lair:3   | Noticed Josephine
 15813 | Lair:3   | Killed Josephine
 15842 | Lair:3   | Noticed Nergalle
 15850 | Lair:3   | Killed Nergalle
 16123 | Lair:3   | Found a staircase to the Snake Pit.
 16130 | Lair:3   | Noticed Amaemon
 16143 | Lair:3   | Killed Amaemon
 16144 | Lair:3   | Reached skill level 15 in Fighting
 16163 | Lair:3   | Found a transporter.
 16163 | Lair:3   | Found the +1 cloak of Starlight {*Dazzle EV+4 Stlth--}
 16312 | Lair:3   | Found a transporter.
 16718 | Snake:1  | Entered Level 1 of the Snake Pit
 16897 | Snake:1  | Reached skill level 5 in Throwing
 16900 | Snake:1  | Received a gift from Okawaru
 17081 | Snake:1  | Found Nuacir's Distillery.
 17081 | Snake:1  | Found Dytz's Assorted Antiques.
 17082 | Snake:1  | Found Geddigyu's Antique Armour Boutique.
 17084 | Snake:1  | Found Abiting's Armour Shop.
 17117 | Snake:1  | Bought a potion of heal wounds for 90 gold pieces
 17123 | Snake:1  | Bought a potion of heal wounds for 130 gold pieces
 17375 | Snake:2  | Noticed a nagaraja
 17381 | Snake:2  | Killed a nagaraja
 17393 | Snake:2  | Found Xitwo's Distillery.
 17395 | Snake:2  | Found Xidomiym's Antique Weapon Shoppe.
 17398 | Snake:2  | Found Pehuapt's Distillery.
 17401 | Snake:2  | Bought a potion of heal wounds for 65 gold pieces
 17452 | Snake:2  | Reached skill level 16 in Fighting
 17473 | Snake:2  | Received a gift from Okawaru
 17556 | Snake:2  | Noticed a nagaraja
 17564 | Snake:2  | Killed a nagaraja
 17804 | Snake:2  | Received a gift from Okawaru
 17807 | Snake:2  | Reached XP level 15. HP: 130/145 MP: 19/19
 17916 | Snake:2  | Identified the +2 battleaxe of the Moon {freeze, rN+ Str-4
                  | Int+6} (Okawaru gifted it to you on level 2 of the Snake
                  | Pit)
 17916 | Snake:2  | Received a gift from Okawaru
 18885 | Snake:3  | Reached skill level 17 in Fighting
 18935 | Snake:3  | Noticed a nagaraja
 18944 | Snake:3  | Killed a nagaraja
 19016 | Snake:3  | Noticed Gygal Fez's ghost (adept MiFi)
 19021 | Snake:3  | Received a gift from Okawaru
 19028 | Snake:3  | Found a runed translucent gate.
 19146 | Snake:3  | Found a runed translucent gate.
 19175 | Snake:3  | Found a runed translucent gate.
 19196 | Snake:3  | Noticed Mara
 19206 | Snake:3  | Noticed gelatine's illusion
 19216 | Snake:3  | Killed Mara
 19216 | Snake:3  | Received a gift from Okawaru
 20031 | Snake:4  | Entered Level 4 of the Snake Pit
 20106 | Snake:4  | Reached skill level 18 in Fighting
 20249 | Snake:4  | Noticed Aizul
 20255 | Snake:4  | Killed Aizul
 20256 | Snake:4  | Reached XP level 16. HP: 133/157 MP: 21/21
 20296 | Snake:4  | Received a gift from Okawaru
 20296 | Snake:4  | Found the +14 obsidian axe {vorpal, Mesm Drain Fly SInv}
 20557 | Snake:4  | Identified the +6 hand crossbow "Rutasyub" {speed, rCorr
                  | Stlth+} (Okawaru gifted it to you on level 4 of the Snake
                  | Pit)
 20557 | Snake:4  | Received a gift from Okawaru
 20610 | Snake:4  | Reached skill level 19 in Fighting
 20630 | Snake:4  | Got a serpentine rune of Zot
 20849 | Snake:4  | Noticed Vashnia
 20854 | Snake:4  | Received a gift from Okawaru
 21004 | Snake:4  | Received a gift from Okawaru
 21192 | Snake:4  | Reached skill level 15 in Shields
 21799 | Snake:4  | Killed Vashnia
 21800 | Snake:4  | Reached XP level 17. HP: 77/146 MP: 23/23
 22117 | Swamp:1  | Entered Level 1 of the Swamp
 22249 | Swamp:1  | Received a gift from Okawaru
 22250 | Swamp:1  | Reached skill level 20 in Fighting
 22278 | Swamp:1  | Noticed Nikola
 22292 | Swamp:1  | Killed Nikola
 22422 | Swamp:1  | Identified the ring of Qugrikot {rElec MP+9}
 22423 | Swamp:1  | Identified the ring of Beac {Ice rElec Will+ Str+2 Stlth+}
 22425 | Swamp:1  | Noticed dornbeast's ghost (journeyman DsBe)
 22434 | Swamp:1  | Found a bloodstained altar of Trog.
 22441 | Swamp:1  | Found a transporter.
 22444 | Swamp:1  | Found a transporter.
 22679 | Swamp:2  | Identified the +0 robe "Naischorph" {rCorr Str+4} (Okawaru
                  | gifted it to you on level 2 of the Swamp)
 22679 | Swamp:2  | Received a gift from Okawaru
 22726 | Swamp:2  | Reached skill level 10 in Invocations
 22820 | Swamp:2  | Identified the +4 lajatang "Kyogrypt" {freeze, rF+ rC+}
 22896 | Swamp:2  | Noticed Mlioglotl
 22911 | Swamp:2  | Killed Mlioglotl
 23629 | Swamp:3  | Reached skill level 1 in Spellcasting
 23854 | Swamp:4  | Entered Level 4 of the Swamp
 23880 | Swamp:4  | Reached skill level 15 in Armour
 23899 | Swamp:4  | Noticed a tentacled monstrosity
 23906 | Swamp:4  | Killed a tentacled monstrosity
 23906 | Swamp:4  | Noticed a tentacled monstrosity
 23916 | Swamp:4  | Killed a tentacled monstrosity
 23970 | Swamp:4  | Received a gift from Okawaru
 24016 | Swamp:4  | Paralysed by a fenstrider witch for 2 turns
 24024 | Swamp:4  | HP: 6/171 [thorn hunter/volley of thorns (27)]
 24542 | Swamp:4  | Reached XP level 18. HP: 180/180 MP: 24/24
 24584 | Swamp:4  | Got a decaying rune of Zot
 24665 | Swamp:4  | Identified the +2 war axe "Gaewegeg" {pain, rPois Int+2}
                  | (Okawaru gifted it to you on level 4 of the Swamp)
 24665 | Swamp:4  | Received a gift from Okawaru
 24666 | Swamp:4  | Reached skill level 5 in Evocations
 25179 | Lair:4   | Found a staircase to the Slime Pits.
 25180 | Lair:4   | Found a viscous altar of Jiyva.
 25702 | Lair:5   | Entered Level 5 of the Lair of Beasts
 25990 | Lair:5   | Received a gift from Okawaru
 26006 | Lair:5   | Reached skill level 21 in Fighting
 26110 | Lair:5   | Found a runed translucent door.
 26113 | Lair:5   | Noticed RogueRain17's ghost (journeyman DsGl)
 26114 | Lair:5   | Identified the +5 spear of the Open Hand {freeze, *Noise
                  | rCorr Dex+2}
 26123 | Lair:5   | Killed RogueRain17's ghost
 26318 | Lair:5   | Got the Anthology of Terrain
 26713 | Orc:1    | Entered Level 1 of the Orcish Mines
 26879 | Orc:2    | Entered Level 2 of the Orcish Mines
 26887 | Orc:2    | Found Duemp's General Store.
 26959 | Orc:2    | Found Jayggaig's Antique Armour Shoppe.
 26971 | Orc:2    | Found Bak Ejun's Antique Weapon Emporium.
 26985 | Orc:2    | Found Doloj's Book Shop.
 26994 | Orc:2    | Reached skill level 10 in Throwing
 26994 | Orc:2    | Received a gift from Okawaru
 27222 | Orc:2    | Noticed Saint Roka
 27237 | Orc:2    | Killed Saint Roka
 27243 | Orc:2    | Found a staircase to the Elven Halls.
 27895 | D:13     | Received a gift from Okawaru
 27916 | D:13     | Identified the +2 spear of Urem {antimagic, *Noise rPois
                  | rF- rN+++}
 29220 | D:14     | Reached XP level 19. HP: 188/190 MP: 25/25
 29393 | D:14     | Found a gate to the Vaults.
 29485 | D:14     | Identified the ring of Boafrergh {Fire rN+ Will++ Int+4
                  | Dex-2}
 29538 | D:15     | Entered Level 15 of the Dungeon
 30085 | D:15     | Found a glowing golden altar of the Shining One.
 30248 | D:15     | Found a staircase to the Depths.
 30350 | Vaults:1 | Entered Level 1 of the Vaults
 30507 | Vaults:1 | Received a gift from Okawaru
 30785 | Vaults:1 | Noticed Donald
 30797 | Vaults:1 | Killed Donald
 30837 | Vaults:1 | Received a gift from Okawaru
 30844 | Vaults:1 | Reached skill level 22 in Fighting
 30844 | Vaults:1 | Reached skill level 15 in Dodging
 30850 | Vaults:1 | Received a gift from Okawaru
 31140 | Vaults:1 | Identified the +1 ring mail "Urus" {rN+}
 31561 | Vaults:1 | Received a gift from Okawaru
 32210 | D:9      | Killed Fractals's ghost
 32210 | D:9      | Received a gift from Okawaru
 32428 | Swamp:1  | Killed dornbeast's ghost
 32617 | Snake:3  | Killed Gygal Fez's ghost
 32767 | Slime:1  | Entered Level 1 of the Pits of Slime
 32799 | Slime:1  | Found a viscous altar of Jiyva.
 32842 | Slime:1  | You fall into a shaft and drop 1 floor!
 32933 | Slime:1  | Reached XP level 20. HP: 200/200 MP: 26/26
 33534 | Slime:2  | Reached skill level 5 in Spellcasting
 33722 | Slime:3  | Received a gift from Okawaru
 33804 | Slime:3  | Learned a level 1 spell: Apportation
 35679 | Orc:2    | Bought a black opal-encrusted plate armour for 588 gold
                  | pieces
 35679 | Orc:2    | Identified the +4 plate armour of Incorporation {Will++
                  | Dex-2} (You bought it in a shop on level 2 of the Orcish
                  | Mines)
 35738 | Elf:1    | Entered Level 1 of the Elven Halls
 35819 | Elf:1    | Found a runed translucent gate.
 35819 | Elf:1    | Found a runed translucent gate.
 35819 | Elf:1    | Noticed croobank's ghost (journeyman FeSu)
 35859 | Elf:1    | Found a runed translucent gate.
 35972 | Elf:1    | Reached skill level 1 in Translocations
 36003 | Elf:1    | Found Ijifuini's Assorted Antiques.
 36073 | Elf:1    | Found Zaskoh's Magic Scroll Shoppe.
 36112 | Elf:1    | Bought a scroll of blinking for 120 gold pieces
 36112 | Elf:1    | Bought a scroll of blinking for 120 gold pieces
 36112 | Elf:1    | Bought a scroll of fear for 64 gold pieces
 36183 | Elf:1    | Found Eschituff's Book Shop.
 36194 | Elf:1    | Bought a manual of Shields for 1200 gold pieces
 36217 | Elf:1    | Received a gift from Okawaru
 36246 | Elf:1    | Found Benk's Jewellery Emporium.
 36350 | Elf:1    | Killed croobank's ghost
 36719 | Elf:1    | Received a gift from Okawaru
 36880 | Elf:2    | Found a runed translucent gate.
 36880 | Elf:2    | Found a runed translucent gate.
 36887 | Elf:2    | Found a runed translucent gate.
 36950 | Elf:2    | Got the Compilation of Crystal
 37031 | Elf:2    | Found a runed translucent gate.
 37032 | Elf:2    | Found a runed translucent gate.
 37032 | Elf:2    | Found a runed translucent gate.
 37055 | Elf:2    | Noticed Vatovie's ghost (journeyman MiBe)
 37056 | Elf:2    | Noticed Dataggej's ghost (adept MiBe)
 37056 | Elf:2    | Noticed Xihoome's ghost (veteran MiGl)
 37057 | Elf:2    | Noticed Fuonemn's ghost (veteran DDBe)
 37057 | Elf:2    | Noticed Hulashix's ghost (journeyman MiBe)
 37209 | Elf:2    | Found a frozen archway.
 37223 | IceCv    | Entered an ice cave
 37584 | IceCv    | Identified the amulet "Mirr" {Spirit +Blink rC+}
 38101 | Elf:2    | Reached XP level 21. HP: 210/210 MP: 27/27
 38121 | Elf:2    | Identified the +0 leather armour of Life {Dex+4 SInv}
 38237 | Elf:2    | Received a gift from Okawaru
 38778 | Elf:3    | Entered Level 3 of the Elven Halls
 38787 | Elf:3    | Identified the +3 pair of gloves "Moicemn" {rElec rN+ rCorr
                  | Str-4} (Okawaru gifted it to you on level 3 of the Elven
                  | Halls)
 38787 | Elf:3    | Received a gift from Okawaru
 38871 | Elf:3    | Learned a level 4 spell: Olgreb's Toxic Radiance
 38875 | Elf:3    | Learned a level 3 spell: Ignite Poison
 39363 | Elf:3    | Found a portal to a secret trove of treasure.
 39518 | Elf:3    | Reached skill level 23 in Fighting
 39532 | Elf:3    | Reached skill level 1 in Transmutations
 39548 | Elf:3    | Reached skill level 1 in Poison Magic
 39548 | Elf:3    | Paralysed by an air elemental for 1 turns
 39549 | Elf:3    | Reached skill level 1 in Fire Magic
 39757 | Elf:3    | Identified the +5 spear of the Big Bang {pain, rN+ Dex+3}
 40614 | Slime:4  | Received a gift from Okawaru
 41055 | Slime:3  | Gained mutation: You sometimes lose your temper in combat.
                  | [a shining eye]
 41057 | Slime:3  | Gained mutation: You are frail. (-10% HP) [a shining eye]
 41818 | Slime:5  | Entered Level 5 of the Pits of Slime
 41904 | Slime:5  | Noticed the Royal Jelly
 41924 | Slime:5  | Killed the Royal Jelly
 41924 | Slime:5  | Received a gift from Okawaru
 41926 | Slime:5  | Reached XP level 22. HP: 104/198 MP: 29/29
 41930 | Slime:5  | Received a gift from Okawaru
 41930 | Slime:5  | HP: 14/297 [azure jelly[the Royal Jelly] (5)]
 41930 | Slime:5  | HP: 5/297 [azure jelly[the Royal Jelly] (9)]
 41931 | Slime:5  | Drowned by a quicksilver ooze

Illustrated notes

Levels and vault maps discovered:
D:1:      minmay_arrival_shattered_statue, layout_basic, serial_park_tiny_2,
          st_stairs_12
D:2:      layout_rooms, ebering_ecumenical_altar_mist,
          kennysheep_cluttered_room, dreamdust_wishing_well,
          grunt_ministairs_12, chequers_arboretum,
          chequers_serial_rivers_small_b, minmay_crystal_water,
          minmay_misc_feat_nine_boxes, kennysheep_generic_room_2
D:3:      layout_basic, mainiacjoe_overflow_concentric_impassable
D:4:      layout_rooms, gup_sewer_entry_pipe, uniq_pikel
D:5:      layout_cave_pods, ebering_ghost_reflecting_pool, minmay_manual_moon
D:6:      layout_loops_ring, mrwooster_statue_mirror, uniq_blork_the_orc
D:7:      layout_basic, minmay_temple_entry_trees, uniq_duvessa
D:8:      layout_loops_cross, chequers_temple_overflow_statue_of_worship
D:9:      layout_small_grid, nzn_ghost_randoct, minmay_evil_grid
D:10:     layout_irregular_city, uniq_maurice
D:11:     layout_small_grid, erik_lair_orcish_takeover, erik_orc_2,
          gauntlet_entry_generic, laboratory
D:12:     layout_cave_pools, chequers_serial_rivers_small_3
D:13:     layout_cave_pods
D:14:     minmay_textured_paths, layout_loops_cross, ximxim_vaults_locker_room,
          nicolae_titane
D:15:     gammafunk_enter_depths_forms, layout_loops_ring,
          nicolae_tso_carved_into_rock
Temple:   hellmonk_temple_of_storms
Lair:1:   gammafunk_lair_enchanted_lake, layout_small_grid,
          cheibrodos_lair_reptile_den, uniq_grum, uniq_joseph, uniq_gastronok
Lair:2:   layout_cave_pods, swamp_mist, special_room [special_room_bee],
          basic_altar, grunt_megastairs_1, uniq_maggie
Lair:3:   gammafunk_worm_tunnel, layout_regular_city,
          minmay_snake_entry_guardpost_small, uniq_nergalle, uniq_josephine,
          uniq_amaemon
Lair:4:   layout_gridlike, nicolae_slime_entry_slimehenge
Lair:5:   gammafunk_lair_ancient_temple, layout_gridlike,
          ebering_ghost_funeral_grove, lemuel_fruit_tree, serial_bayou_shore_a
Swamp:1:  layout_falls_marsh, gammafunk_ghost_wrathful_warriors,
          evilmike_swamp_ruin_wall, swamp_pool1, uniq_nikola
Swamp:2:  layout_basic_swamp, evilmike_swamp_ruin_house_3, uniq_mlioglotl
Swamp:3:  layout_basic_swamp, evilmike_swamp_ruin_house_6, swamp_pool1
Swamp:4:  nzn_swamp_witches_coven, layout_basic_swamp
Snake:1:  layout_rooms, grunt_megastairs_2, minmay_shoptagon
Snake:2:  layout_chambers, special_room, drop_trap,
          hangedman_snake_corridor_cut, minmay_shop_star, serial_bayou_shore_b,
          serial_bayou_shore_b
Snake:3:  cheibrodos_snake_lava_hold, layout_misc_corridors,
          gammafunk_ghost_split, uniq_mara
Snake:4:  snake_pit_salamanders_mu, layout_onion, serial_bayou,
          serial_bayou_pond_b, serial_bayou_lagoon_a, serial_bayou_crossing,
          serial_bayou_lake_a, uniq_vashnia, uniq_aizul
Slime:1:  layout_caves, basic_altar
Slime:2:  layout_caves
Slime:3:  layout_caves
Slime:4:  layout_caves
Slime:5
Orc:1:    layout_caves
Orc:2:    grunt_orc_gardens, layout_caves, grunt_orc_garden, grunt_orc_garden,
          grunt_orc_garden, grunt_orc_garden, uniq_saint_roka
Elf:1:    eino_elf_arrival_customs, layout_geoelf_grid, serial_shops, shop,
          nicolae_lakefront_shop, nicolae_shop_waterfront, nicolae_shop_stone,
          gammafunk_ghost_split, evilmike_minifort
Elf:2:    nicolae_elf_blades_crystal_corner, layout_geoelf_octagon,
          portal_ice_cave_entry_pillars_1, gammafunk_ghost_cemetery,
          einodemon_barbed_minivault
Elf:3:    minmay_elf_hall_dome, layout_geoelf_castle,
          nicolae_trove_entry_diagonal
Vaults:1: hangedman_vaults_variations, hangedman_vaults_restitches, v_pattern_1,
          v_misc_10, v_misc_33, vaults_room_pool, nicolae_vaults_theta,
          nicolae_vaults_ring_of_whatevers, vaults_room_fours,
          layout_vaults_omnigrid, uniq_donald

Skill      XL: |  1  2  3  4  5  6  7  8  9 10 11 12 13 14 15 16 17 18 19 20 21 22 |
---------------+-------------------------------------------------------------------+-----
Armour         | 4 5 7 8 9 10 11 12 13 14 15 16 17 | 17.1
Fighting       | 4 5 7 8 9 10 12 14 16 18 19 20 21 22 23 | 23.2
Shields        | 4 5 6 7 8 9 10 12 13 15 16 17 18 19 21 | 21.6
Axes           | 3 4 5 7 9 10 12 13 15 16 17 18 | 18.5
Dodging        | 1 3 4 6 8 9 10 11 12 13 14 15 16 | 16.2
Throwing       | 3 4 5 7 10 12 14 | 14.9
Stealth        | 1 3 4 5 6 |  6.7
Invocations    | 1 3 4 6 7 8 9 10 11 | 11.2
Evocations     | 1 3 4 6 7 8 9 |  9.0
Spellcasting   | 1 3 4 5 |  5.2
Translocations | 2 3 |  3.8
Transmutations | 2 |  2.2
Poison Magic   | 1 2 |  2.0
Fire Magic     | 1 |  1.8

Action                   |  1- 3 |  4- 6 |  7- 9 | 10-12 | 13-15 | 16-18 | 19-21 | 22-24 || total
-------------------------+-------+-------+-------+-------+-------+-------+-------+-------++-------
Melee: War axe           |    74 |   132 |   161 |   429 |    18 |       |       |       ||   814
       Headbutt          |     7 |    15 |    25 |    99 |   136 |   236 |   231 |     2 ||   751
       Peck              |       |       |       |    76 |   135 |   188 |   213 |     1 ||   613
       Broad axe         |       |       |       |    11 |   638 |   872 |   848 |     6 ||  2375
Throw: Dart              |       |     1 |     8 |    15 |    18 |    10 |    22 |       ||    74
       Boomerang         |       |       |       |    13 |     6 |    46 |   204 |       ||   269
       Javelin           |       |       |       |     6 |     8 |       |    32 |       ||    46
       Throwing net      |       |       |       |     2 |       |       |       |       ||     2
 Cast: Apportation       |       |       |       |       |       |       |    16 |       ||    16
Invok: Heroism           |       |       |       |       |       |     1 |       |       ||     1
       Finesse           |       |       |       |       |       |     1 |       |       ||     1
Evoke: Wand              |       |       |       |       |     2 |       |       |       ||     2
       Condenser vane    |       |       |       |       |       |       |     3 |       ||     3
       Lightning rod     |       |       |       |       |       |       |     1 |       ||     1
  Use: Scroll            |       |    11 |     3 |    10 |    13 |     8 |     7 |       ||    52
       Potion            |       |     2 |     5 |    10 |     5 |     9 |     4 |       ||    35
 Stab: Sleeping          |       |       |       |     2 |     2 |       |       |       ||     4
       Invisible         |       |       |       |       |       |    17 |     8 |       ||    25
       Confused          |       |       |       |       |       |       |    12 |       ||    12
Armor: Scale mail        |    38 |    42 |    41 |    38 |       |       |       |       ||   159
       Skin              |       |       |     6 |       |       |       |       |       ||     6
       Plate armour      |       |       |     3 |    50 |   202 |   236 |   210 |     5 ||   706
       Ring mail         |       |       |       |    87 |       |       |       |       ||    87
       Troll leather arm |       |       |       |       |    19 |       |       |       ||    19
Dodge: Dodged            |    47 |    80 |   119 |   305 |   392 |   477 |   296 |     7 ||  1723
Block: Buckler           |    19 |    22 |    53 |   109 |   469 |   633 |   197 |       ||  1502
       Reflection        |       |       |       |       |    38 |    79 |   110 |       ||   227
       Tower shield      |       |       |       |       |       |       |   580 |    14 ||   594
